 Dungeon Crawl Stone Soup version 0.17-a0-1164-g0ba867e (webtiles) character file.

13307 Chiseanne the Fighter (level 11, -7/99 HPs)
             Began as a Demonspawn Wanderer on May 28, 2015.
             Was a High Priest of Makhleb.
             Mangled by Maud
             ... wielding a +1 great sword of holy wrath
              (26 damage)
             ... on level 3 of the Lair of Beasts.
             The game lasted 00:43:40 (13720 turns).

Chiseanne the Fighter (Demonspawn Wanderer)        Turns: 13720, Time: 00:43:40

Health: -7/99      AC: 27    Str: 11    XL:     11   Next: 73%
Magic:  0/15       EV: 10    Int: 18    God:    Makhleb [*****.]
Gold:   736        SH: 11    Dex: 12    Spells: 0 memorised, 10 levels left

rFire  + . .     SeeInvis .     w - +0 blowgun
rCold  . . .     Clarity  .     Z - +5 scale mail of Autotheism {rElec Int+2}
rNeg   . . .     SustAt   .     l - +2 shield {rF+}
rPois  .         Gourm    .     B - +1 hat
rElec  +         Spirit   +     p - +0 cloak
rCorr  .         Warding  .     (no gloves)
rMut   .         Stasis   .     o - +0 pair of boots
MR     .....                    (no amulet)
Stlth  ..........               (no ring)
                                O - ring of teleport control

@: studying Armour, not resistant to hostile enchantments, extremely unstealthy
A: hooves 1, rough black scales 3, demonic guardian 1, robust 1, shaggy fur 1,
magic shield, magic regeneration
a: Minor Destruction, Lesser Servant of Makhleb, Major Destruction, Greater
Servant of Makhleb, Renounce Religion, Evoke Teleport Control


You were on level 3 of the Lair of Beasts.
You worshipped Makhleb.
Makhleb was extremely pleased with you.
You were hungry.

You visited 2 branches of the dungeon, and saw 13 of its levels.
You also visited: Ossuary.

You collected 736 gold pieces.

Inventory:

Hand weapons
 a - a +3 war axe of chopping
 d - a +3 flail of protection
 f - the +6 flail "Muismoq" {crush, *Rage Str+7}
   (You found it on level 7 of the Dungeon)

   It inflicts extra damage upon your enemies.
   It affects your strength (+7).
   It may make you go berserk in combat.
 s - a +2 hand axe of flaming
 w - a +0 blowgun (weapon)
 T - a +0 broad axe
Missiles
 c - 12 poisoned needles
 h - 4 javelins
 i - 3 curare-tipped needles (quivered)
 n - 37 bolts
 y - 25 tomahawks
Armour
 l - a +2 shield of fire resistance (worn)
 o - a +0 pair of boots (worn)
 p - a +0 cloak (worn)
 B - a +1 hat (worn)
 Z - the +5 scale mail of Autotheism (worn) {rElec Int+2}
   (You found it on level 9 of the Dungeon)

   It affects your intelligence (+2).
   It insulates you from electricity.
Jewellery
 g - an uncursed ring of ice
 O - a ring of teleport control (left hand)
Magical devices
 P - a wand of enslavement (12)
 W - a wand of lightning (4)
Scrolls
 b - a scroll of teleportation
 m - 3 scrolls of fog
 q - a scroll of immolation
 E - 7 scrolls of remove curse
 I - 4 scrolls of identify
 Q - 3 scrolls of fear
Potions
 k - 3 potions of haste
 r - a potion of resistance
 v - a potion of agility {unknown}
 z - a potion of cancellation
 C - 2 potions of invisibility
 D - a potion of ambrosia
 H - a potion of heal wounds
 S - 2 potions of curing
Books
 u - a manual of Armour
Miscellaneous
 F - a lamp of fire (inert)
Comestibles
 e - 8 bread rations
 j - 8 meat rations
 t - a slice of pizza
 J - 4 beef jerkies
 U - a royal jelly
 Y - 3 fruits


   Skills:
 * Level 10.0 Fighting
 * Level 6.8(7.1) Axes
 - Level 2.7(5.1) Maces & Flails
   Level 1.7 Bows
 - Level 1.0 Throwing
 * Level 7.9 Armour
 * Level 9.0 Dodging
 * Level 5.5 Shields
 * Level 6.0 Evocations


You had 10 spell levels left.
You didn't know any spells.

Dungeon Overview and Level Annotations

Branches:
Dungeon (10/15)            Temple (0/1) D:6            Lair (3/8) D:9
  Snake (0/4) Lair:3
  Swamp: Lair:3-6    Shoals: Lair:3-6       Orc: D:9-12

Altars:
Dithmenos
Elyvilon
Fedhas
Kikubaaqudgha
Makhleb
Nemelex Xobeh
Vehumet
Xom
The Shining One

Shops:
D:9 (

Annotations:
Lair:3 Maud


Innate Abilities, Weirdness & Mutations

You have large cloven feet.
You are completely covered in rough black scales (AC +10, Dex -3).
A weak demonic guardian rushes to your aid.
When hurt, damage is shared between your health and your magic reserves.
You regenerate magic rapidly.
You are robust (+10% HP).
You are covered in fur (AC +1).


Message History

Firing (i - inventory. (,) - cycle):
c - 13 poisoned needles (quivered)
Press: ? - help, Shift-Dir - straight line, f/p - Maud
Aim: Maud, wielding a great sword of holy wrath and wearing a shiny chain mail (poisoned)
You shoot a poisoned needle. The poisoned needle barely misses Maud.
The poisoned needle barely misses your fire elemental.
Firing (i - inventory. (,) - cycle):
i - 4 curare-tipped needles (quivered)
Press: ? - help, Shift-Dir - straight line, f/p - Maud
Aim: Maud, wielding a great sword of holy wrath and wearing a shiny chain mail (poisoned)
You shoot a curare-tipped needle. The curare-tipped needle hits Maud.
Maud looks even sicker.
Maud convulses.
Maud seems to slow down.
Maud is lightly wounded.
Your fire elemental hits Maud.
Your fire elemental burns Maud!
Your quasit bites Maud but does no damage.
Your quasit claws Maud but does no damage.
Your quasit barely misses Maud.
Maud frowns.
Maud hits you with a great sword of holy wrath!!
* * * LOW HITPOINT WARNING * * *
You convulse!!
You die...

#...5....P....#
###.####.###...
P. ## ..# # .N.
#.. P# ≈♣♣. #..
.P( ♣ ..
#..####§§.. .>
..####....§.#
........5E§#
.......@@..#
###.......##
##........#
#..........#
#.....#..#...#
....... ####...
....... ..#
..##... #.


You could see Maud, a friendly fire elemental and a friendly quasit.

Vanquished Creatures
  An unseen horror (D:9)
  A wolf spider zombie (D:10)
  2 spiny frogs (Lair:1)
  2 gargoyles (D:10)
  2 komodo dragons (Lair:2)
  2 trolls (D:9)
  A merfolk (D:9)
  A wyvern (D:10)
  4 fire bats (D:9)
  11 yaks
  A basilisk (Lair:2)
  A water moccasin (Lair:2)
  Edmund (D:6)
  A wolf (D:9)
  7 porcupines
  A hell hound (D:9)
  9 orc warriors
  2 black bears
  2 phantoms
  A black bear (shapeshifter) (D:9)
  2 centaurs
  3 ogres
  5 sky beasts
  2 necrophages (D:8)
  A big kobold (D:7)
  A crocodile (Lair:3)
  Blork the orc (D:6)
  9 giant frogs
  A gnoll sergeant (D:6)
  A wyvern skeleton (D:8)
  2 scorpions
  A quasit (D:7)
  3 wights (D:7)
  3 electric eels
  7 crimson imps
  A lava snake (Lair:2)
  2 centaur zombies
  6 orc priests
  2 jellies
  4 giant frog zombies
  A giant frog skeleton (D:4)
  3 orc wizards
  A gnoll shaman (D:7)
  A hound (D:9)
  10 iguanas
  5 worker ants
  A hell rat (Lair:1)
  7 sheep (Lair:2)
  3 big kobold zombies (Ossuary)
  A hound skeleton (D:9)
  5 mummies (Ossuary)
  16 adders
  9 gnolls
  18 river rats (Lair:1)
  A shadow imp (D:7)
  An ooze (D:5)
  2 worms (D:2)
  10 giant geckos
  59 orcs
  14 bats
  A bat skeleton (D:4)
  A bat zombie (D:7)
  5 giant cockroaches
  2 gnoll zombies (Ossuary)
  7 hobgoblins
  11 jackals
  17 kobolds
  4 quokkas
  A ball python (D:4)
  A ball python skeleton (D:4)
  3 giant newts
  17 goblins
  A hobgoblin zombie (Ossuary)
  A kobold zombie (Ossuary)
  2 quokka skeletons
  16 rats
  A fungus (Lair:1)
  A plant (Lair:2)
370 creatures vanquished.

Vanquished Creatures (collateral kills)
  A centaur warrior (D:8)
  An electric eel (D:9)
  2 yaks (Lair:1)
  A wolf (D:9)
  A wasp (D:7)
  A black bear (D:7)
  2 giant frogs
  A hound (D:9)
  A worker ant (D:9)
  A hell rat (Lair:1)
  2 gnolls (D:7)
  An adder skeleton (D:9)
  An orc (D:9)
  2 jackals (D:9)
  A bat (D:8)
  A kobold (D:9)
20 creatures vanquished.

Vanquished Creatures (others)
  3 fire vortices (D:9)
  A wolf (D:9)
  A human (D:5)
  An electric eel (D:9)
  6 crimson imps
  5 iron imps
  12 quasits
  2 hounds
  An adder (D:8)
  2 gnolls (D:7)
  A shadow imp (D:8)
  12 white imps
  17 ufetubi
  An orc (D:8)
  A plant (Lair:2)
66 creatures vanquished.

Grand Total: 456 creatures vanquished

Notes
Turn   | Place    | Note
--------------------------------------------------------------
     0 | D:1      | Chiseanne the Demonspawn Wanderer began the quest for the Orb.
     0 | D:1      | Chiseanne set off with: a wand of enslavement (15), a +0 ring mail, 10 poisoned needles, a +0 blowgun, a bread ration
     0 | D:1      | Reached XP level 1. HP: 21/21 MP: 1/1
   373 | D:1      | Gained mutation: When hurt, damage is shared between your health and your magic reserves. [demonic ancestry]
   373 | D:1      | Reached XP level 2. HP: 25/27 MP: 2/2
  1170 | D:2      | Found a blossoming altar of Fedhas.
  1293 | D:2      | Gained mutation: You are partially covered in rough black scales (AC +4, Dex -1). [demonic ancestry]
  1293 | D:2      | Reached XP level 3. HP: 12/34 MP: 0/3
  1848 | D:2      | Reached skill level 1 in Dodging
  2234 | D:2      | Found a sparkling altar of Nemelex Xobeh.
  2399 | D:3      | Gained mutation: You have large cloven feet. [demonic ancestry]
  2399 | D:3      | Reached XP level 4. HP: 37/40 MP: 4/4
  2475 | D:3      | Reached skill level 6 in Fighting
  2475 | D:3      | Gained mutation: You are mostly covered in rough black scales (AC +7, Dex -2). [demonic ancestry]
  2475 | D:3      | Reached XP level 5. HP: 18/46 MP: 5/5
  3126 | D:3      | Reached skill level 1 in Axes
  3463 | D:4      | Gained mutation: You are covered in fur (AC +1). [potion of beneficial mutation]
  3464 | D:4      | Gained mutation: You are robust (+10% HP). [potion of beneficial mutation]
  3526 | D:4      | Reached XP level 6. HP: 57/57 MP: 6/6
  3868 | D:4      | Noticed an ogre
  3875 | D:4      | Killed an ogre
  4050 | D:4      | Found a white marble altar of Elyvilon.
  4051 | D:4      | Found a shadowy altar of Dithmenos.
  4440 | D:5      | Entered Level 5 of the Dungeon
  4505 | D:5      | Reached XP level 7. HP: 64/64 MP: 7/7
  5613 | D:5      | Found an ancient bone altar of Kikubaaqudgha.
  5616 | D:5      | Noticed a human
  5618 | D:5      | Killed a human
  5807 | D:6      | Reached skill level 7 in Fighting
  5807 | D:6      | Gained mutation: A weak demonic guardian rushes to your aid. [demonic ancestry]
  5807 | D:6      | Reached XP level 8. HP: 63/73 MP: 7/9
  5918 | D:6      | Noticed Edmund
  5941 | D:6      | Killed Edmund
  6061 | D:6      | Found a shimmering altar of Xom.
  6178 | D:6      | Found a radiant altar of Vehumet.
  6179 | D:6      | Found a burning altar of Makhleb.
  6187 | D:6      | Became a worshipper of Makhleb the Destroyer
  6464 | D:6      | Noticed Blork the orc
  6470 | D:6      | Killed Blork the orc
  6470 | D:6      | Reached skill level 5 in Dodging
  6599 | D:6      | Found a staircase to the Ecumenical Temple.
  6672 | D:7      | Got a blackened flail
  6673 | D:7      | Identified the +6 flail "Muismoq" {crush, *Rage Str+7} (You found it on level 7 of the Dungeon)
  6773 | D:7      | Reached skill level 1 in Shields
  6787 | D:7      | Acquired Makhleb's first power
  6834 | D:7      | Gained mutation: You regenerate magic rapidly. [demonic ancestry]
  6834 | D:7      | Reached XP level 9. HP: 51/79 MP: 7/11
  6842 | D:7      | Reached skill level 1 in Maces & Flails
  7667 | D:8      | Found a sand-covered staircase.
  7672 | Ossuary  | Entered an ossuary
  7723 | Ossuary  | Acquired Makhleb's second power
  7871 | Ossuary  | Reached skill level 8 in Fighting
  8110 | D:8      | Found a glowing golden altar of the Shining One.
  8592 | D:8      | Noticed a centaur warrior
  8612 | D:8      | Killed a centaur warrior
  8612 | D:8      | Reached skill level 5 in Armour
  9331 | D:9      | Gained mutation: You are completely covered in rough black scales (AC +10, Dex -3). [demonic ancestry]
  9331 | D:9      | Reached XP level 10. HP: 89/89 MP: 13/13
  9354 | D:9      | Acquired Makhleb's third power
  9515 | D:9      | Found a staircase to the Lair.
  9599 | D:9      | Acquired Makhleb's fourth power
  9863 | D:9      | Found Figgat's Antique Weapon Shop.
 10086 | D:9      | Got a faintly humming scale mail
 10156 | D:9      | Identified the +5 scale mail of Autotheism {rElec Int+2} (You found it on level 9 of the Dungeon)
 10176 | D:9      | Reached skill level 5 in Axes
 10240 | D:9      | Reached skill level 9 in Fighting
 10598 | D:9      | Reached skill level 5 in Evocations
 11028 | D:10     | Entered Level 10 of the Dungeon
 11054 | D:10     | Reached XP level 11. HP: 75/97 MP: 11/14
 11609 | D:9      | Killed an unseen horror
 11647 | D:9      | Acquired Makhleb's fifth power
 11655 | Lair:1   | Entered Level 1 of the Lair of Beasts
 11933 | Lair:1   | Reached skill level 5 in Shields
 12879 | Lair:2   | Reached skill level 10 in Fighting
 13054 | Lair:2   | Identified a scroll of acquirement
 13575 | Lair:3   | Found a staircase to the Snake Pit.
 13575 | Lair:3   | Noticed Maud
 13720 | Lair:3   | Mangled by Maud

Vault maps used:
D:1:      co_arrival_square_in_a_square_in_a_square
D:2:      lemuel_round_altar, overflow_temple_1_default, grunt_ministairs_10
D:3:      first_bread, minmay_unequal
D:4:      gammafunk_temple_overflow_statue, hex_medium
D:5:      wad_floor_pattern_untrapped, tgw_kikubaaqudgha
D:6:      grunt_temple_overflow_lords_of_destruction, tgw_xom,
          minmay_temple_entry_nine_rooms, uniq_edmund, uniq_blork_the_orc
D:8:      enter_ossuary_2, basic_altar, kennysheep_island_fort
D:9:      erik_lair_island, serial_shops, shop_fountains, hangedman_fish_farm,
          hangedman_incinerator
D:10:     david_orc_4, serial_glass, glass_columns_b, glass_columns_a,
          uniq_grum, uniq_nergalle
Lair:1:   kennysheep_rathole, beast_lair_carwin_1
Lair:2:   lab_entry_generic, minmay_stone_trees_small
Lair:3:   guppyfry_snake_entry_garden, uniq_maud
Ossuary:  ossuary_crypta

Action                   |  1- 3 |  4- 6 |  7- 9 | 10-12 || total
-------------------------+-------+-------+-------+-------++-------
Melee: Mace              |   122 |       |       |       ||   122
       War axe           |    27 |   206 |   375 |   560 ||  1168
       Flail             |       |       |    92 |    31 ||   123
 Fire: Blowgun           |       |       |       |     3 ||     3
Throw: Javelin           |       |     2 |    13 |     2 ||    17
       Tomahawk          |       |       |     4 |       ||     4
Evoke: Lamp of fire      |       |       |     1 |     2 ||     3
       Wand              |       |       |    12 |     3 ||    15
  Use: Scroll            |     5 |     6 |    17 |     4 ||    32
       Potion            |       |     2 |     1 |     2 ||     5
 Stab: Distracted        |       |       |     3 |     1 ||     4
  Eat: Chunk             |     4 |     7 |    15 |    14 ||    40
       Royal jelly       |       |       |     1 |       ||     1
       Fruit             |       |       |     1 |       ||     1
       Pizza             |       |       |       |     1 ||     1
